 Dungeon Crawl Stone Soup version 0.21-a0-496-g696f58f (console) character file.

301 hexaflexagon the Stinger (level 6, 0/39 HPs)
             Began as an Octopode Transmuter on Nov 23, 2017.
             Slain by an ogre
             ... wielding a +0 giant club
              (20 damage)
             ... on level 4 of the Dungeon.
             The game lasted 00:11:11 (4854 turns).

hexaflexagon the Stinger (Octopode Transmuter)      Turns: 4854, Time: 00:11:11

Health: 0/39       AC:  2    Str:  9    XL:     6   Next: 37%
Magic:  2/9        EV: 23    Int: 16    God:
Gold:   141        SH:  0    Dex: 19    Spells: 3/9 levels left

rFire    . . .     SeeInvis .     - Unarmed
rCold    . . .     Gourm    .   (shield currently unavailable)
rNeg     . . .     Faith    .   (helmet currently unavailable)
rPois    x         Spirit   .   (no amulet)
rElec    .         Reflect  .   n - +3 ring of evasion
rCorr    .         Harm     .   (no ring)
MR       .....                  (no ring)
Stlth    +++.......             (no ring)
HPRegen  0.13/turn              (no ring)
MPRegen  0.11/turn              (no ring)
                                (no ring)
                                (no ring)

@: spider-form
A: tiny, almost no armour, stealthy swim, (amphibious), 8 rings, (constrict 8)
a: End Transformation


You were on level 4 of the Dungeon.
You were not hungry.
You were a venomous arachnid creature.
You visited 1 branch of the dungeon, and saw 4 of its levels.

You collected 141 gold pieces.

Inventory:

Hand Weapons
 l - a +5 short sword (melded)
Missiles
 a - 24 arrows
 d - 122 stones (quivered)
Jewellery
 n - a +3 ring of evasion (left front leg)
Scrolls
 e - 3 scrolls of immolation
 g - 7 scrolls of remove curse
 h - 3 scrolls of identify
Potions
 i - a potion of haste {unknown}
 j - a potion of heal wounds {unknown}
 m - a potion of lignification
 o - 5 potions of curing {unknown}
Books
 b - a book of Changes

   Spells                             Type                      Level
   a - Beastly Appendage              Transmutation                1
   b - Sticks to Snakes               Transmutation                2
   c - Spider Form                    Transmutation/Poison         3
   d - Ice Form                       Ice/Transmutation            4
   e - Blade Hands                    Transmutation                5
Comestibles
 c - 4 bread rations
 f - 4 fruits
 k - 2 meat rations
 p - a chunk of flesh


   Skills:
 + Level 1.9 Fighting
 + Level 1.4 Throwing
 - Level 2.0 Dodging
 - Level 3.0 Stealth
 - Level 4.0 Unarmed Combat
 + Level 2.2 Spellcasting
 - Level 2.0 Transmutations
 - Level 5.0 Poison Magic


You had 3 spell levels left.
You knew the following spells:

 Your Spells              Type           Power        Failure   Level  Hunger
a - Beastly Appendage     Tmut           #.....       22%         1    #......
s - Spider Form           Tmut/Pois      ##........   32%         3    ###....
v - Sticks to Snakes      Tmut           #.......     32%         2    ###....


Dungeon Overview and Level Annotations

Branches:
Dungeon (4/15)
 Temple: D:4-7

Altars:
Hepliaklqana
Makhleb


Innate Abilities, Weirdness & Mutations

You cannot wear most types of armour.
You are very stealthy in the water. (Stealth+)
((You are amphibious.))
You can wear up to eight rings at the same time.
((You can use your tentacles to constrict eight enemies at once.))
((Your skin changes colour to match your surroundings (Stealth+).))
((Your rubbery body absorbs attacks. (AC +1, EV +1)))


Message History

Casting: Sticks to Snakes
Confirm with . or Enter, or press ? or * to list all spells.
You turn into a venomous arachnid creature.
Your +5 short sword melds into your body.
Casting: Spider Form
Confirm with . or Enter, or press ? or * to list all spells.
You create a snake!
You now have 24 arrows.
You bite the ogre!
The ogre is moderately wounded.
Your ball python barely misses the ogre.
Your ball python bites the ogre.
The ogre hits you with a giant club!!
You are too injured to fight recklessly!
Your ball python completely misses the ogre.
Your ball python bites the ogre.
Your ball python barely misses the ogre.
Your ball python closely misses the ogre.
Your ball python bites the ogre.
The ogre hits you with a giant club!!
Ouch! That really hurt!
You die...

.#####.#########(#...#######
#.)......##.##.##
########.##.##.# # #.##.##.#
#. #.##.##.# #.### #.##.##.
...# #.##.# #.######.##.#
#........##s#
#.###.##....SSO.#
#.....########### ##.O###
..... ###.. #.. #.. #..


You could see an ogre and 2 friendly ball pythons.

Vanquished Creatures
  An orc priest (D:3)
  A bullfrog skeleton (D:4)
  2 worker ants
  2 gnolls (D:2)
  7 adders
  An ooze (D:2)
  3 worms
  A dart slug (D:2)
  6 leopard geckos
  7 orcs (D:3)
  A ball python (D:3)
  A giant cockroach (D:3)
  5 hobgoblins
  5 quokkas
  9 bats
  4 frilled lizards
  7 goblins
  4 kobolds
  9 rats
76 creatures vanquished.

Vanquished Creatures (collateral kills)
  A worker ant (D:3)
1 creature vanquished.

Grand Total: 77 creatures vanquished

Notes
Turn   | Place    | Note
-------+----------+-------------------------------------------
     0 | D:1      | hexaflexagon the Octopode Transmuter began the quest for the Orb.
     0 | D:1      | Reached XP level 1. HP: 13/13 MP: 3/3
   436 | D:1      | Reached XP level 2. HP: 18/18 MP: 3/5
   462 | D:1      | Learned a level 2 spell: Sticks to Snakes
   873 | D:2      | Reached skill level 1 in Stealth
   919 | D:2      | Reached XP level 3. HP: 14/23 MP: 6/6
  1240 | D:2      | Learned a level 3 spell: Spider Form
  1764 | D:3      | Reached skill level 1 in Poison Magic
  2192 | D:3      | Found a hazy altar of Hepliaklqana.
  2289 | D:3      | Reached XP level 4. HP: 20/28 MP: 4/7
  2362 | D:3      | Reached skill level 2 in Poison Magic
  2815 | D:3      | Found a burning altar of Makhleb.
  3039 | D:3      | Reached skill level 3 in Poison Magic
  3039 | D:3      | Reached XP level 5. HP: 25/33 MP: 3/8
  3465 | D:3      | Reached skill level 4 in Poison Magic
  4198 | D:2      | Reached skill level 5 in Poison Magic
  4441 | D:3      | Reached XP level 6. HP: 36/38 MP: 7/9
  4501 | D:3      | Reached skill level 1 in Throwing
  4854 | D:4      | Slain by an ogre

Vault maps used:
D:1:      minmay_arrival_three_doors
D:2:      kennysheep_doodads
D:3:      wad_woods_stonehenge, nicolae_overflow_hidden_temple, first_bread
D:4:      nemelex_xobeh_ov_fountains_minmay

Skill      XL: |  1  2  3  4  5  6 |
---------------+-------------------+-----
Stealth        | 1 2 3 |  3.0
Unarmed Combat | 4 |  4.0
Poison Magic   | 1 3 5 |  5.0
Throwing       | 1 |  1.4
Fighting       | |  1.9
Dodging        | |  2.0
Spellcasting   | |  2.2
Transmutations | |  2.0

Action                   |  1- 3 |  4- 6 || total
-------------------------+-------+-------++-------
Melee: Unarmed           |    90 |    73 ||   163
       Constrict         |    21 |    26 ||    47
       Kick              |     3 |     5 ||     8
       Tentacles         |     8 |    12 ||    20
       Punch             |     1 |     1 ||     2
       Short sword       |       |    24 ||    24
 Cast: Beastly Appendage |    13 |     5 ||    18
       Sticks to Snakes  |     2 |     6 ||     8
       Spider Form       |     4 |     4 ||     8
  Use: Scroll            |       |     6 ||     6
 Stab: Sleeping          |     6 |    10 ||    16
  Eat: Chunk             |     6 |     9 ||    15
Armor: Skin              |     9 |     5 ||    14
Dodge: Dodged            |    51 |    79 ||   130

Table legend:
 A = Spawn XP
 B = Non-spawn XP
 C = Spawn XP percentage of total XP
 D = Spawn monster count
 E = Non-spawn monster count
 F = Spawn count percentage of total count
 G = Total turns spent on level
                    A         B        C        D         E        F      G
               +---------+---------+-------+---------+---------+-------+---------
         Total |       0 |     431 |   0.0 |       0 |      77 |   0.0 |  4854
               +---------+---------+-------+---------+---------+-------+---------
           D:1 |       0 |      21 |   0.0 |       0 |      12 |   0.0 |  1439
           D:2 |       0 |     105 |   0.0 |       0 |      19 |   0.0 |  1362
           D:3 |       0 |     230 |   0.0 |       0 |      44 |   0.0 |  1901
           D:4 |       0 |      75 |   0.0 |       0 |       2 |   0.0 |   152
               +---------+---------+-------+---------+---------+-------+---------
